 Dungeon Crawl Stone Soup version 0.30-a0-782-ge64f9170bb (webtiles) character file.

Game seed: 7370626455713022885

119 strifetoe the Ruffian (level 4, -1/44 HPs)
             Began as a Troll Fighter on Feb 18, 2023.
             Succumbed to a scorpion's poison
             ... on level 4 of the Dungeon.
             The game lasted 00:02:06 (2171 turns).

strifetoe the Ruffian (Troll Fighter)               Turns: 2171, Time: 00:02:07

Health: -1/44      AC:  4    Str: 25 (26) XL:     4   Next: 74%
Magic:  3/3        EV:  8    Int:  2 (4)  God:
Gold:   200        SH:  7    Dex:  6 (9)  Spells: 3/3 levels left

rFire   . . .      SeeInvis .      - Unarmed
rCold   . . .      Faith    .    b - +0 kite shield
rNeg    . . .      Spirit   .    a - +0 robe
rPois   .          Reflect  .    (helmet restricted)
rElec   .          Harm     .    (no cloak)
rCorr   .          Rampage  .    (gloves unavailable)
Will    .....                    (boots unavailable)
Stlth   +                        (no amulet)
HPRegen 1.07/turn                (no ring)
MPRegen 0.08/turn                (no ring)

@: lethally poisoned (-1 -> -9), attractive, flying
A: large, unfitting armour, claws 3, regeneration 1, shaggy fur 1, tough skin 1
a: no special abilities


You were on level 4 of the Dungeon.
You visited 1 branch of the dungeon, and saw 4 of its levels.

You collected 200 gold pieces.

Inventory:

Missiles
 v - 8 poisoned darts (quivered)
Armour
 a - a +0 robe (worn)
 b - a +0 kite shield (worn)
Jewellery
 h - a ring of flight
 m - a ring of ice
Scrolls
 d - 2 scrolls of vulnerability {unknown}
 f - 3 scrolls of teleportation {unknown}
 i - a scroll of immolation {unknown}
 j - a scroll of amnesia {unknown}
 l - a scroll of enchant weapon {unknown}
 n - a scroll of summoning {unknown}
 o - a scroll of silence {unknown}
 p - a scroll of noise {unknown}
 t - a scroll of identify {unknown}
 u - a scroll of torment {unknown}
Potions
 c - 3 potions of might
 g - a potion of degeneration
 q - a potion of haste {unknown}
 r - a potion of magic {unknown}
 s - a potion of brilliance {unknown}
 w - a potion of curing {unknown}


   Skills:
 - Level 2.4 Fighting
 - Level 2.4 Dodging
 - Level 2.6 Shields
 + Level 5.0 Unarmed Combat


You had 3 spell levels left.
You didn't know any spells.
Your spell library contained the following spells:

 Spells                   Type           Power      Damage    Failure   Level
 Ignite Poison            Fire/Tmut/Pois 0%         N/A       99%         3
 Portal Projectile        Hex/Tloc       0%         N/A       99%         3
 Tukima's Dance           Hex            0%         N/A       99%         3
 Sticky Flame             Conj/Fire      0%         2d3       100%        4
 Blade Hands              Tmut           0%         N/A       100%        5
 Ignition                 Fire           0%         3d3       100%        8


Dungeon Overview and Level Annotations

Branches:
Dungeon (4/15)
 Temple: D:4-7

Altars:
Elyvilon

Portals:
Abyss: D:1***


Innate Abilities, Weirdness & Mutations

You are too large for most types of armour.
You have claws for hands.
Your natural rate of healing is unusually fast.
You are covered in fur. (AC +1)
You have tough skin. (AC +1)


Message History

The scorpion poisons you! You block the scorpion's attack.
You barely miss the scorpion.
The scorpion is severely wounded.
You feel very sick.
The scorpion stings you but does no damage.
You barely miss the scorpion.
The scorpion is severely wounded.
You feel very sick. The scorpion stings you.
You are more poisoned.
The scorpion poisons you!
You are too injured to fight recklessly!
You are too injured to fight recklessly!
You are too injured to fight recklessly!
You are too injured to fight recklessly!
You are too injured to fight recklessly!
You are too injured to fight recklessly!
You are too injured to fight recklessly!
You are too injured to fight recklessly!
Unknown command.
Unknown command.
You aren't carrying any items that you can evoke.
Unknown command.
You aren't carrying any items that you can evoke.
It was a potion of degeneration.
There was something very wrong with that liquid.
You feel weakened.
You feel dopey.
You feel clumsy.
* * * LOW HITPOINT WARNING * * *
You feel very sick. The scorpion stings you!
* * * LOW HITPOINT WARNING * * *
It was a potion of attraction.
You feel attractive to monsters.
* * * LOW HITPOINT WARNING * * *
You feel very sick.
The scorpion stings you but does no damage.
It was a potion of flight.
You feel very buoyant.
You fly up into the air.
You die...

.. .# #. .. #. #.. .#
#. #.# ##.# #.# #.# #..
##.### #.# #s# # .....
..# ##@##.# #.#.# #.#
#.....# #.#># #.#
#..#### <...#####.#
#..# ..........#####..#
....#####.....#..######
.##.# #.###.#........
.##.# #.# #.#.#######
.##.# #.# #.#.#


You could see a scorpion.

Vanquished Creatures
  4 adders
  3 worms
  3 dart slugs
  3 orcs (D:3)
  8 endoplasms
  2 giant cockroaches (D:3)
  4 goblins
  8 hobgoblins
  2 jackals (D:2)
  4 quokkas
  5 ball pythons
  4 bats
  6 frilled lizards
  4 kobolds
  5 rats
65 creatures vanquished.

Notes
Turn   | Place    | Note
-------+----------+-------------------------------------------
     0 | D:1      | strifetoe the Troll Fighter began the quest for the Orb.
     0 | D:1      | Reached XP level 1. HP: 22/22 MP: 0/0
   165 | D:1      | Reached XP level 2. HP: 29/29 MP: 1/1
   205 | D:1      | Reached skill level 3 in Unarmed Combat
   636 | D:2      | Reached XP level 3. HP: 35/36 MP: 2/2
   847 | D:2      | Found a white marble altar of Elyvilon.
  1081 | D:2      | Reached skill level 4 in Unarmed Combat
  1545 | D:3      | Reached XP level 4. HP: 40/44 MP: 3/3
  1960 | D:3      | Reached skill level 5 in Unarmed Combat
  2159 | D:4      | Noticed a scorpion
  2170 | D:4      | HP: 2/44 [poisoned by a scorpion]
  2171 | D:4      | Succumbed to a scorpion's poison

Illustrated notes

Levels and vault maps discovered:
D:1:      minmay_arrival_glassed_features, layout_basic
D:2:      layout_basic, basic_altar
D:3:      layout_loops_ring
D:4:      layout_loops_ring, minmay_temple_entry_waves, hex_large,
          nrook_campfire

Skill      XL: |  1  2  3  4 |
---------------+-------------+-----
Unarmed Combat | 3 4 5 |  5.0
Fighting       | |  2.4
Dodging        | |  2.4
Shields        | |  2.6

Action                     |  1- 3 |  4- 6 || total
---------------------------+-------+-------++-------
  Melee: Unarmed           |   125 |    53 ||   178
    Use: Potion            |       |     3 ||     3
 Armour: Robe              |    37 |    12 ||    49
  Dodge: Dodged            |    33 |    12 ||    45
  Block: Kite shield       |    44 |    11 ||    55

Table legend: (Time is in decaauts)
 A = Elapsed time spent in this place.
 B = Non-inter-level travel time spent in this place.
 C = Inter-level travel time spent in this place.
 D = Time resting spent in this place.
 E = Time spent auto-exploring this place.
 F = Levels seen in this place.
 G = Mean time per level.
                   A        B        C        D        E       F      G
               +--------+--------+--------+--------+--------+-----+--------+
         Total |   2183 |   2129 |     54 |      2 |   1708 |   4 |  545.8 |
       Dungeon |   2183 |   2129 |     54 |      2 |   1708 |   4 |  545.8 |
               +--------+--------+--------+--------+--------+-----+--------+

Top non-repeatable levels by time:
     D:2: 903 daAuts
     D:3: 628 daAuts
     D:1: 593 daAuts
     D:4: 58 daAuts
